 Dungeon Crawl Stone Soup version 0.19-a0-1834-g6b7851e (webtiles) character file.

343 Alarkh the Ruffian (level 6, -6/54 (55) HPs)
             Began as a Ghoul Monk on Oct 9, 2016.
             Mangled by a wraith (7 damage)
             ... in an ossuary.
             The game lasted 00:02:55 (2350 turns).

Alarkh the Ruffian (Ghoul Monk)                     Turns: 2350, Time: 00:02:56

HP:   -6/54 (55)    AC:  6    Str: 20    XL:     6   Next: 57%
MP:   5/5           EV: 13    Int:  7    God:
Gold: 212           SH:  0    Dex: 11    Spells: 0 memorised, 5 levels left

rFire  . . .     SeeInvis .       - Unarmed
rCold  + . .     Gourm    .     a - +0 robe
rNeg   + + +     Faith    .     (no shield)
rPois  ∞         Spirit   .     (no helmet)
rElec  .         Dismiss  .     d - +0 cloak
rCorr  .         Reflect  .     o - +2 pair of gloves
MR     .....     Harm     .     (no boots)
Stlth  +++.......               (no amulet)
                                (no ring)
                                m - ring of stealth

@: mighty, rotting, slowed, very slow
A: rotting body, claws 1, carnivore 3, cold resistance 1, negative energy
resistance 3, slow regeneration 1, torment resistance, unbreathing
a: no special abilities


You were in an ossuary.
You were not hungry.

You visited 1 branch of the dungeon, and saw 4 of its levels.
You also visited: Ossuary.

You collected 212 gold pieces.

Inventory:

Armour
 a - a +0 robe (worn)
 d - a +0 cloak (worn)
 o - a +2 pair of gloves (worn)
Jewellery
 m - a ring of stealth (left hand)
Scrolls
 c - 3 scrolls of enchant armour
 e - a scroll of identify
 j - 2 scrolls of enchant weapon {unknown}
 k - a scroll of amnesia {unknown}
 l - 5 scrolls of teleportation {unknown}
 q - 2 scrolls of remove curse {unknown}
Potions
 f - 2 potions of heal wounds
 g - a potion of haste
 i - 4 potions of curing
 n - 3 potions of brilliance
 p - a potion of mutation
Comestibles
 b - 2 meat rations


   Skills:
 + Level 4.8 Fighting
 + Level 3.9 Dodging
 - Level 2.1 Stealth
 * Level 6.0 Unarmed Combat


You had 5 spell levels left.
You didn't know any spells.

Dungeon Overview and Level Annotations

Branches:
Dungeon (4/15)
 Temple: D:4-7

Altars:
Sif Muna


Innate Abilities, Weirdness & Mutations

Your body is rotting away.
You thrive on raw meat.
You are immune to poison.
You have sharp fingernails.
You are carnivorous and can eat meat at any time.
Your flesh is cold resistant. (rC+)
You are immune to negative energy. (rN+++)
You regenerate slowly when monsters are visible.
You are immune to unholy pain and torment.
You can survive without breathing.


Message History

You feel yourself speed up.
You feel a little less agile now. As you open the door, it creaks loudly!
A wraith comes into view.
You punch the wraith!
The wraith is moderately damaged.
The wraith barely misses you.
You hit the wraith but do no damage.
The wraith is moderately damaged.
The wraith hits you!
* * * LOW HITPOINT WARNING * * *
You hit the wraith.
The wraith is moderately damaged.
The wraith hits you!
* * * LOW HITPOINT WARNING * * *
The wraith drains your vigour!
You feel yourself slow down.
You barely miss the wraith.
The wraith is moderately damaged.
The wraith hits you!
You die...

#.# ###.###
#W▓.▓z# ###.###
#.#
######'#######
#.............#
#.+##.###.##W.#
#. #.#z#.# #@#
#.###.###.###.#
#.............#
#.............#
#.###.....###.#
#.#z#.....#z#.#
#.###.....###.#
#.............#
#.............#


You could see a wraith and a flying skull.

Vanquished Creatures
  A wraith (Ossuary)
  2 wights (Ossuary)
  A bullfrog skeleton (D:4)
  2 adders
  An ooze (D:1)
  2 adder zombies (Ossuary)
  3 dart slugs
  A leopard gecko (D:2)
  An orc (D:3)
  A giant cockroach (D:3)
  5 goblins
  2 hobgoblins
  4 jackals
  A ball python (D:2)
  2 ball python skeletons (Ossuary)
  4 bats
  2 frilled lizards
  A hobgoblin skeleton (Ossuary)
  A hobgoblin zombie (Ossuary)
  10 kobolds
  2 kobold zombies (Ossuary)
  An orc skeleton (Ossuary)
  5 rats
55 creatures vanquished.

Notes
Turn   | Place    | Note
-------+----------+-------------------------------------------
     0 | D:1      | Alarkh the Ghoul Monk began the quest for the Orb.
     0 | D:1      | Reached XP level 1. HP: 19/19 MP: 0/0
    78 | D:1      | Reached XP level 2. HP: 21/26 MP: 1/1
   393 | D:1      | Reached XP level 3. HP: 31/31 MP: 2/2
   609 | D:2      | Reached skill level 4 in Unarmed Combat
  1646 | D:3      | Reached XP level 4. HP: 39/39 MP: 3/3
  2041 | D:4      | Found a sand-covered staircase.
  2042 | D:4      | Found a deep blue altar of Sif Muna.
  2047 | Ossuary  | Entered an ossuary
  2097 | Ossuary  | Reached skill level 5 in Unarmed Combat
  2097 | Ossuary  | Reached XP level 5. HP: 46/46 MP: 4/4
  2164 | Ossuary  | Noticed a wraith
  2164 | Ossuary  | Noticed a flying skull
  2171 | Ossuary  | Noticed a flying skull
  2172 | Ossuary  | Noticed a flying skull
  2175 | Ossuary  | Noticed a flying skull
  2180 | Ossuary  | Noticed a flying skull
  2314 | Ossuary  | Noticed a wraith
  2334 | Ossuary  | Killed a wraith
  2334 | Ossuary  | Reached skill level 6 in Unarmed Combat
  2334 | Ossuary  | Reached XP level 6. HP: 24/54 MP: 5/5
  2347 | Ossuary  | Noticed a wraith
  2349 | Ossuary  | HP: 1/54 [wraith (14)]
  2350 | Ossuary  | Mangled by a wraith

Vault maps used:
D:1:      roderic_crossed_star
D:3:      serial_curves, eino_curves_04, eino_curves_02, eino_curves_02,
          minmay_misc_feat_diagonals, minmay_misc_feat_more_columns,
          kennysheep_cluttered_room
D:4:      grunt_temple_overflow_growth_and_decay, overflow_temple_1_default,
          first_bread, nicolae_ossuary_entry_monument, grunt_ministairs_1
Ossuary:  ossuary_due_cavern

Skill      XL: |  1  2  3  4  5 |
---------------+----------------+-----
Dodging        | 3 |  3.9
Unarmed Combat | 4 5 6 |  6.0
Fighting       | 4 |  4.8
Stealth        | |  2.1

Action                   |  1- 3 |  4- 6 || total
-------------------------+-------+-------++-------
Melee: Unarmed           |    95 |    84 ||   179
       Punch             |     1 |     4 ||     5
  Use: Scroll            |     4 |     4 ||     8
       Potion            |       |     2 ||     2
 Stab: Sleeping          |     4 |     9 ||    13
  Eat: Chunk             |     4 |     3 ||     7
Armor: Robe              |    19 |    10 ||    29
Dodge: Dodged            |    67 |    49 ||   116
